 Dungeon Crawl Stone Soup version 0.16.0-14-g63f578d (webtiles) character file.

226 Nychthemeron the Cutter (level 6, 0/36 HPs)
             Began as an Octopode Summoner on Mar 18, 2015.
             Slain by a giant gecko (3 damage)
             ... on level 3 of the Dungeon.
             The game lasted 00:18:54 (2829 turns).

Nychthemeron the Cutter (Octopode Summoner)         Turns: 2829, Time: 00:18:54

Health: 0/36       AC:  1    Str:  8    XL:     6   Next: 1%
Magic:  1/10       EV: 12    Int: 22    God:
Gold:   212        SH:  0    Dex: 14    Spells: 3 memorised, 3 levels left

rFire  . . .     SeeInvis .     a - +2 short sword
rCold  . . .     Clarity  .     (no shield)
rNeg   . . .     SustAb   .     (helmet restricted)
rPois  .         Gourm    .     m - amulet of resist corrosion
rElec  .         Spirit   .     d - +5 ring of intelligence
rCorr  +         Warding  .     (no ring)
rMut   .         Stasis   .     (no ring)
MR     .....                    (no ring)
Stlth  ++++......               (no ring)
                                (no ring)
                                (no ring)
                                (no ring)

@: very slightly contaminated, not resistant to hostile enchantments, stealthy
A: almost no armour, amphibious, 8 rings, constrict 8, camouflage 1, gelatinous
body 1
a: no special abilities


You were on level 3 of the Dungeon.
You were not hungry.

You visited 1 branch of the dungeon, and saw 3 of its levels.

You collected 212 gold pieces.

Inventory:

Hand weapons
 a - a +2 short sword (weapon)
Jewellery
 d - a +5 ring of intelligence (left tentacle)
 m - an amulet of resist corrosion (around mantle)
 p - an uncursed amulet of resist mutation {unknown}
Scrolls
 h - a scroll of magic mapping
Potions
 c - a potion of haste {unknown}
 e - a potion of heal wounds {unknown}
 f - a potion of curing {unknown}
 g - a potion of flight {unknown}
 i - a potion of degeneration {unknown}
 n - a potion of poison {unknown}
Books
 b - a book of Callings

   Spells                             Type                      Level
   a - Summon Small Mammal            Summoning                    1
   b - Call Imp                       Summoning                    2
   c - Call Canine Familiar           Summoning                    3
   d - Summon Guardian Golem          Hexes/Summoning              4
   e - Summon Lightning Spire         Summoning/Air                4
   f - Summon Ice Beast               Ice/Summoning                4
Comestibles
 j - 11 chunks of flesh
 k - 2 slices of pizza
 l - a meat ration
 o - a bread ration


   Skills:
 - Level 0.2 Fighting
 + Level 5.3 Short Blades
 - Level 2.0 Dodging
 - Level 3.5 Stealth
 - Level 2.0 Spellcasting
 - Level 4.0 Summonings


You had 3 spell levels left.
You knew the following spells:

 Your Spells              Type           Power        Failure   Level  Hunger
a - Summon Small Mammal   Summ           ###.         2%          1    #......
b - Call Imp              Summ           ###.....     4%          2    ##.....
c - Call Canine Familiar  Summ           ###.....     10%         3    ###....


Dungeon Overview and Level Annotations

Branches:
Dungeon (3/15)

Altars:
Xom

Annotations:
D:3 Grinder


Innate Abilities, Weirdness & Mutations

You cannot wear most types of armour.
You are amphibious.
You can wear up to eight rings at the same time.
You can use your tentacles to constrict many enemies at once.
Your skin changes colour to match your surroundings (Stealth).
Your rubbery body absorbs attacks (AC +1).


Message History

Confirm with . or Enter, or press ? or * to list all spells.
You miscast Call Imp.
You are very lightly contaminated with residual magic.
Shadowy shapes form in the air around you, then vanish.
You hear a zap.
The magic dart hits you!
A goblin comes into view.
A giant gecko comes into view.
You hear a zap.
The magic dart hits you!
* * * LOW HITPOINT WARNING * * *
Found a stone staircase leading down.
Read which item? (? for menu, Esc to quit)
Okay, then.
Your hound closely misses something.
Something hits you.
* * * LOW HITPOINT WARNING * * *
You writhe in agony.
* * * LOW HITPOINT WARNING * * *
The giant gecko bites you.
You die...

###)####....###...#.##
#########)#....######......##
.....(.....).###.......##...##
.......##..#####.#####..#....#
##### #..# #.. ##.#[)).#
#.#>.## #.# #.)#<..#
#.....###5# ##.##)##
###.#..h{.#### #.####
#.####.@...#####.## #.#
#l5##[.......## #.#
..g###.........# #. #.>.#
#.<.....# #. #...# ###.##.## .
##.## .##.# .. ## #.#


You could see a giant gecko, a goblin, a friendly hound and 2 friendly crimson
imps.

Vanquished Creatures
  An orc priest (D:3)
  A hound (D:3)
  Ijyb (D:3)
  Jessica (D:2)
  Robin (D:3)
  2 gnolls (D:2)
  4 adders
  A worm (D:2)
  2 giant geckos (D:2)
  An ooze (D:1)
  2 orcs
  4 giant cockroaches (D:1)
  7 goblins
  6 hobgoblins
  5 kobolds
  2 bats (D:1)
  5 giant newts
  5 rats
  A fungus (D:1)
52 creatures vanquished.

Vanquished Creatures (collateral kills)
  2 gnolls (D:2)
  A worm (D:2)
  2 orcs (D:3)
  6 goblins
  4 hobgoblins (D:3)
  2 jackals (D:2)
17 creatures vanquished.

Vanquished Creatures (others)
  2 hounds (D:3)
  2 white imps (D:2)
  A quokka (D:2)
  A bat (D:1)
6 creatures vanquished.

Grand Total: 75 creatures vanquished

Notes
Turn   | Place    | Note
--------------------------------------------------------------
     0 | D:1      | Nychthemeron, the Octopode Summoner, began the quest for the Orb.
     0 | D:1      | Reached XP level 1. HP: 11/11 MP: 3/3
   176 | D:1      | Reached XP level 2. HP: 17/17 MP: 4/4
   180 | D:1      | Learned a level 2 spell: Call Imp
   354 | D:1      | Reached skill level 1 in Short Blades
   935 | D:2      | Reached XP level 3. HP: 21/21 MP: 6/6
  1036 | D:2      | Noticed Jessica
  1042 | D:2      | Killed Jessica
  1221 | D:2      | Found a shimmering altar of Xom.
  1221 | D:2      | Found a shimmering altar of Xom.
  1279 | D:2      | Found a shimmering altar of Xom.
  1280 | D:2      | Found a shimmering altar of Xom.
  1280 | D:2      | Found a shimmering altar of Xom.
  1314 | D:2      | Reached XP level 4. HP: 21/27 MP: 7/7
  1916 | D:2      | Found a shimmering altar of Xom.
  1940 | D:2      | Found a shimmering altar of Xom.
  1941 | D:2      | Found a shimmering altar of Xom.
  2053 | D:2      | Reached XP level 5. HP: 31/31 MP: 3/9
  2061 | D:2      | Learned a level 3 spell: Call Canine Familiar
  2342 | D:3      | Noticed Ijyb
  2352 | D:3      | Killed Ijyb
  2644 | D:3      | Reached skill level 5 in Short Blades
  2693 | D:3      | Noticed Robin
  2702 | D:3      | Killed Robin
  2717 | D:3      | Reached XP level 6. HP: 26/36 MP: 4/10
  2820 | D:3      | Noticed Grinder
  2829 | D:3      | Slain by a giant gecko

Action                   |  1- 3 |  4- 6 || total
-------------------------+-------+-------++-------
Melee: Unarmed           |     6 |       ||     6
       Short sword       |    46 |    55 ||   101
 Cast: Summon Small Mamm |    13 |     3 ||    16
       Call Imp          |     1 |    13 ||    14
       Call Canine Famil |       |     5 ||     5
  Use: Scroll            |     2 |     2 ||     4
 Stab: Sleeping          |     7 |     3 ||    10
       Distracted        |       |     1 ||     1
  Eat: Bread ration      |     1 |       ||     1
       Chunk             |       |     3 ||     3
